AoeStats
← Combi l BU

Arabia

505800371Analyzed
2v2 RM · 22d ago on Sep 11, 2026· 35m 49s· 4 players
Game mode
Random Map
Map size
Medium (4 player)
Population
200
Speed
Normal
Resources
Standard
Victory
Conquest
Starting age
Dark Age
Ending age
Imperial Age
RankedLock teamsTeams togetherTeam positionsShared explorationLock speedFull tech treeHidden civsTurbo modeCheats
Victory
Defeat
🇦🇺 Jurchens · Australia
1612
+16
🇦🇺 Wu · Australia
1584
+17
🇨🇱 Celts · Chile
1613
-17
🇲🇽 Shu · Mexico
1596
-16
TDI
4:15 Loom
8:58 Feudal Age
11:51 Fletching
14:53 Padded Archer Armor
21:27 Castle Age
19:46 Double-Bit Axe
21:10 Gold Mining
21:25 Horse Collar
21:30 Crossbowman
22:24 Bodkin Arrow
25:12 Ballistics
28:19 Gold Shaft Mining
32:26 Scale Mail Armor
34:09 Chain Mail Armor
35:12 Wheelbarrow
36:12 Forging
36:25 Squires
36:10 Arson
Matthew
6:04 Loom
8:46 Feudal Age
13:48 Double-Bit Axe
15:31 Scale Barding Armor
19:04 Bloodlines
23:23 Castle Age
22:09 Forging
22:25 Horse Collar
22:53 Gold Mining
23:25 Light Cavalry
24:27 Chain Barding Armor
25:35 Iron Casting
25:42 Husbandry
26:39 Bow Saw
29:44 Wheelbarrow
Combi l BU
7:14 Loom
9:34 Feudal Age
12:29 Fletching
23:04 Castle Age
21:32 Double-Bit Axe
21:49 Horse Collar
22:01 Gold Mining
23:13 Crossbowman
23:49 Bodkin Arrow
24:18 Padded Archer Armor
25:17 Ballistics
25:47 Leather Archer Armor
29:27 Wheelbarrow
29:24 Bow Saw
Ux' CombiNero
6:08 Loom
6:29 Loom
9:17 Feudal Age
9:49 Double-Bit Axe
9:52 Horse Collar
16:18 Scale Barding Armor
18:16 Forging
18:48 Wheelbarrow
24:12 Castle Age
26:24 Chain Barding Armor
25:28 Light Cavalry
Connection lost

Rejoining the realm…

Still unreachable

The connection could not be restored.

Session expired

The server has moved on; the page needs a fresh start.